Map: Vaani Research Station (Void)

Players

Neeb

  • Race: Protoss Protoss
  • Spawn Location: 12:00

TYTY (TY) - Winner!

  • Race: Terran Terran
  • League: Diamond
  • Spawn Location: 6:00

Event: WESG 2016 Finals

VOD

Have the link to the VOD?

Description

Time

  • Played on: Jan. 15, 2017, 3:40 p.m.
  • Length: 9:10

All games in this series

Show
View Real Time Build Order
Export as new Build Order

Neeb Protoss 

Build Orders: 1 Gate Expand, Oracle Opening, Phoenix Opening, Colossus Rush 

Get SALT Encoding   

  12  0:01  Probe (Chrono Boost)  
  13  0:11  Probe (Chrono Boost)  
  14  0:17  Pylon  
  14  0:22  Probe (Chrono Boost)  
  16  0:35  Probe (Chrono Boost)  
  16  0:36  Gateway  
  16  0:45  Assimilator  
  16  0:46  Probe (Chrono Boost)  
  18  0:57  Probe (Chrono Boost)  
  18  1:07  Probe (Chrono Boost)  
  19  1:19  Nexus  
  19  1:22  Probe (Chrono Boost)  
  20  1:32  Cybernetics Core  
  20  1:36  Probe (Chrono Boost)  
  21  1:41  Assimilator  
  21  1:47  Probe (Chrono Boost)  
  21  1:53  Pylon  
  22  1:58  Probe (Chrono Boost)  
  23  2:07  Adept  
  23  2:09  Warp Gate  
  23  2:13  Probe (Chrono Boost)  
  26  2:25  Probe (Chrono Boost), Stargate  
  27  2:31  Adept  
  27  2:32  Probe (Chrono Boost)  
  31  2:37  Probe (Chrono Boost)  
  31  2:43  Probe (Chrono Boost)  
  32  2:49  Probe (Chrono Boost)  
  33  2:53  Probe (Chrono Boost)  
  34  3:00  Probe (Chrono Boost)  
  34  3:03  Oracle  
  34  3:05  Probe (Chrono Boost)  
  36  3:10  Probe (Chrono Boost)  
  40  3:16  Gateway x2  
  40  3:17  Probe (Chrono Boost)  
  41  3:21  Mothership Core (Chrono Boost)  
  41  3:23  Pylon  
  43  3:29  Probe (Chrono Boost)  
  43  3:30  Pylon  
  44  3:34  Assimilator  
  44  3:38  Phoenix  
  44  3:41  Probe (Chrono Boost)  
  45  3:43  Probe (Chrono Boost)  
  45  3:46  Assimilator  
  48  3:53  Probe x2 (Chrono Boost)  
  50  3:59  Robotics Facility  
  50  4:05  Probe x2 (Chrono Boost), Phoenix  
  54  4:16  Probe (Chrono Boost)  
  56  4:17  Probe (Chrono Boost)  
  56  4:26  Probe (Chrono Boost)  
  56  4:29  Probe (Chrono Boost)  
  58  4:32  Nexus  
  58  4:33  Pylon  
  58  4:37  Probe (Chrono Boost)  
  59  4:41  Probe (Chrono Boost), Sentry  
  62  4:48  Robotics Bay  
  62  4:50  Observer  
  62  4:51  Probe (Chrono Boost)  
  65  4:53  Probe (Chrono Boost)  
  65  4:56  Pylon  
  65  5:03  Probe (Chrono Boost)  
  65  5:04  Sentry  
  65  5:05  Probe (Chrono Boost), Pylon  
  69  5:09  Immortal  
  74  5:15  Probe (Chrono Boost)  
  74  5:16  Pylon  
  74  5:18  Probe (Chrono Boost)  
  75  5:22  Twilight Council  
  75  5:27  Probe (Chrono Boost)  
  77  5:30  Probe (Chrono Boost)  
  74  5:39  Probe (Chrono Boost)  
  74  5:41  Colossus  
  74  5:42  Probe (Chrono Boost)  
  76  5:44  Pylon  
  82  5:51  Probe (Chrono Boost), Stalker x3  
  82  5:54  Probe x2 (Chrono Boost)  
  91  5:57  Extended Thermal Lance  
  91  6:12  Gateway x2  
  91  6:16  Stalker  
  91  6:17  Stalker, Gateway  
  95  6:21  Stalker  
  97  6:28  Probe (Chrono Boost)  
  97  6:31  Colossus  
  100  6:34  Probe x2 (Chrono Boost)  
  100  6:36  Pylon  
  106  6:40  Pylon, Blink  
  107  6:48  Probe (Chrono Boost)  
  107  6:49  Probe x2 (Chrono Boost)  
  107  6:55  Assimilator  
  107  6:56  Assimilator  
  107  6:58  Forge  
  107  6:59  Forge  
  107  7:00  Stalker  
  109  7:03  Stalker  
  109  7:06  Stalker  
  113  7:12  Probe (Chrono Boost), Pylon  
  113  7:13  Pylon  
  114  7:16  Adept x3  
  114  7:21  Colossus  
  120  7:24  Pylon  
  126  7:31  Adept  
  126  7:32  Adept  
  126  7:35  Adept  
  106  7:58  Stalker x4  
  106  7:59  Stalker x2  
  112  8:22  Stalker x3  
  114  8:35  Stalker x3  
  114  8:39  Probe x3 (Chrono Boost)  
  114  8:40  Assimilator  
  123  8:47  Stalker x3  
  125  8:51  Probe x2 (Chrono Boost)  
  128  8:57  Probe (Chrono Boost)  
  128  9:01  Pylon  
  128  9:02  Pylon  
Show
View Real Time Build Order
Export as new Build Order

TYTY Terran - Winner!

Build Orders: Command Center First (CC), MMM Bio 

Get SALT Encoding   

  12  0:00  SCV  
  13  0:12  SCV  
  14  0:17  Supply Depot  
  14  0:24  SCV  
  15  0:39  SCV  
  16  0:51  SCV  
  17  1:01  Command Center  
  17  1:05  SCV  
  18  1:15  Barracks  
  18  1:18  SCV  
  19  1:28  Barracks  
  19  1:32  SCV  
  20  1:43  Barracks  
  20  1:46  SCV  
  22  2:01  Marine  
  22  2:02  Orbital Command  
  22  2:13  Orbital Command  
  22  2:16  Marine  
  22  2:19  Marine  
  24  2:25  Refinery  
  24  2:26  Refinery  
  24  2:28  SCV  
  25  2:30  Marine  
  25  2:34  Marine  
  27  2:37  Marine  
  27  2:40  SCV x2  
  30  2:48  Engineering Bay, Marine  
  31  2:52  SCV  
  31  2:53  SCV  
  31  2:57  Supply Depot  
  33  2:58  Barracks Tech Lab  
  33  3:00  Marine  
  33  3:04  SCV  
  33  3:05  SCV  
  36  3:07  Marine  
  37  3:16  Missile Turret  
  37  3:18  Stimpack  
  37  3:19  SCV  
  38  3:22  Marine  
  38  3:24  Barracks Reactor  
  38  3:26  SCV  
  40  3:31  SCV  
  40  3:33  Barracks Reactor  
  41  3:35  Supply Depot  
  41  3:38  SCV  
  41  3:40  Marine  
  43  3:42  Refinery  
  43  3:43  SCV  
  44  3:50  SCV  
  44  3:55  Factory, SCV  
  46  4:00  Marine  
  47  4:02  SCV  
  45  4:14  Marine x4  
  45  4:15  Terran Infantry Weapons Level 1  
  49  4:18  Supply Depot, Marine  
  49  4:21  SCV x2  
  52  4:30  Supply Depot  
  52  4:32  Marine x2  
  54  4:39  Marine x3, SCV x2  
  54  4:42  Factory Reactor, Starport  
  59  4:46  Supply Depot  
  59  4:49  Marine  
  59  4:51  SCV x2  
  62  4:54  Marine  
  62  4:57  Marine x2  
  65  5:03  SCV  
  65  5:04  Supply Depot  
  67  5:07  Marine  
  67  5:10  Marauder  
  67  5:12  Marine  
  67  5:13  SCV  
  71  5:15  Marine  
  71  5:16  Marine  
  71  5:21  SCV  
  74  5:23  Supply Depot  
  74  5:24  Medivac x2  
  74  5:25  Factory Reactor, Marine  
  74  5:26  SCV  
  80  5:30  Marine  
  80  5:33  SCV  
  82  5:35  Marine x2  
  82  5:37  Supply Depot, Liberator  
  82  5:38  Combat Shields  
  82  5:41  Liberator  
  84  5:43  Marauder  
  84  5:44  Supply Depot  
  86  5:50  Missile Turret  
  89  5:59  Marine x3  
  89  6:01  Marine  
  97  6:07  Widow Mine  
  97  6:09  Widow Mine  
  101  6:12  Marine, Refinery  
  101  6:14  Supply Depot  
  102  6:18  SCV x2  
  102  6:19  Marine x3  
  102  6:20  Liberator  
  102  6:24  Liberator  
  106  6:28  Marine  
  106  6:30  Marine, SCV x2  
  112  6:43  Marine x3  
  118  6:47  SCV  
  118  6:48  SCV  
  118  6:57  Supply Depot  
  118  6:58  Supply Depot  
  118  7:00  Terran Infantry Armor Level 1  
  118  7:01  Widow Mine x2  
  118  7:02  Marauder, Marine x2  
  126  7:19  Supply Depot, Marine x3  
  126  7:20  Medivac  
  131  7:24  Medivac  
  131  7:29  SCV x2  
  135  7:36  Command Center  
  134  7:50  Widow Mine x2  
  114  8:02  Marine x2  
  114  8:03  Marauder, Marine, SCV  
  114  8:04  Medivac, SCV  
  113  8:14  Barracks  
  113  8:15  Barracks, SCV  
  113  8:16  SCV  
  113  8:18  Widow Mine  
  113  8:19  Widow Mine  
  119  8:20  Marine x2  
  119  8:24  Marauder  
  122  8:28  SCV x2  
  122  8:35  Marine x2  
  122  8:38  Marine  
  122  8:40  SCV x2  
  127  8:45  Starport  
  127  8:46  Marauder  
  127  8:52  SCV x3  
Tags
 
Add a new tag
Caveats
  • Supply blocks, unpowered buildings, or Contaminate may cause inaccurate times.
  • Supply counts are checked every 10 seconds.